AoeStats
← GHProsthagma

Arena

508776707Analyzed
1v1 RM · 8d ago on Sep 24, 2026· 55m 13s· 2 players
Game mode
Random Map
Map size
Tiny (2 player)
Population
200
Speed
Normal
Resources
Standard
Victory
Conquest
Starting age
Dark Age
Ending age
Imperial Age
RankedLock teamsTeams togetherTeam positionsShared explorationLock speedFull tech treeHidden civsTurbo modeCheats
Victory
Defeat
🇨🇦 Japanese · Canada
640
+15
🇨🇴 Turks · Colombia
620
-15
DaegonMagno
8:34 Loom
10:25 Feudal Age
11:05 Double-Bit Axe
12:55 Horse Collar
15:32 Gold Mining
17:13 Loom
17:39 Scale Barding Armor
20:13 Castle Age
20:01 Bloodlines
20:11 Forging
20:26 Fletching
21:03 Bow Saw
23:00 Husbandry
23:47 Wheelbarrow
23:23 Heavy Plow
24:43 Stone Mining
25:01 Squires
27:21 Murder Holes
30:39 Padded Archer Armor
31:49 Iron Casting
33:10 Leather Archer Armor
34:13 Bodkin Arrow
34:54 Town Watch
39:08 Imperial Age
38:10 Gold Shaft Mining
38:12 Thumb Ring
41:13 Cavalier
41:48 Man-at-Arms
43:29 Ring Archer Armor
42:37 Long Swordsman
45:09 Blast Furnace
43:54 Two-Handed Swordsman
50:00 Scale Mail Armor
53:18 Chain Mail Armor
53:04 Champion
54:59 Plate Mail Armor
GHProsthagma
7:53 Loom
10:23 Feudal Age
10:50 Double-Bit Axe
16:53 Castle Age
14:58 Horse Collar
16:20 Stone Mining
18:15 Forging
18:49 Heavy Plow
20:45 Pikeman
24:55 Squires
25:45 Fletching
31:31 Imperial Age
31:07 Ballistics
30:33 Treadmill Crane
30:49 Murder Holes
30:56 Bodkin Arrow
31:38 Iron Casting
31:38 Town Watch
32:48 Kataparuto
32:57 Conscription
32:47 Elite Skirmisher
34:06 Bracer
34:35 Masonry
36:05 Hoardings
36:50 Halberdier
38:45 Scale Mail Armor
39:56 Chemistry
38:27 Elite Samurai
44:21 Blast Furnace
45:22 Chain Mail Armor
48:51 Plate Mail Armor
53:27 Padded Archer Armor
53:33 Scale Barding Armor
Connection lost

Rejoining the realm…

Still unreachable

The connection could not be restored.

Session expired

The server has moved on; the page needs a fresh start.